 Dungeon Crawl Stone Soup version 0.22-a0-525-gf69a080 (webtiles) character file.

2 Amnesiac the Ducker (level 1, -1/11 HPs)
             Began as a Spriggan Fighter on June 20, 2018.
             Slain by a hobgoblin
             ... wielding a +0 club
              (2 damage)
             ... on level 1 of the Dungeon.
             The game lasted 00:00:09 (16 turns).

Amnesiac the Ducker (Spriggan Fighter)                Turns: 16, Time: 00:00:11

Health: -1/11      AC:  2    Str: 12    XL:     1   Next: 25%
Magic:  2/2        EV: 19    Int:  9    God:
Gold:   0          SH:  6    Dex: 15    Spells: 0/0 levels left

rFire    . . .     SeeInvis +   a - +0 long sword
rCold    . . .     Gourm    .   c - +0 buckler
rNeg     . . .     Faith    .   b - +0 robe
rPois    .         Spirit   .   (helmet restricted)
rElec    .         Reflect  .   (no cloak)
rCorr    .         Harm     .   (gloves unavailable)
MR       .....                  (boots unavailable)
Stlth    +.........             (no amulet)
HPRegen  0.03/turn              (no ring)
MPRegen  0.08/turn              (no ring)

@: very quick
A: very small, unfitting armour, see invisible, herbivore, speed 3, slow
metabolism 2
a: no special abilities


You were on level 1 of the Dungeon.
You were not hungry.

You visited 1 branch of the dungeon, and saw 1 of its levels.

Inventory:

Hand Weapons
 a - a +0 long sword (weapon)
Armour
 b - a +0 robe (worn)
 c - a +0 buckler (worn)
Potions
 d - a potion of might {!q}
Comestibles
 f - a ration


   Skills:
 - Level 2.4 Fighting
 + Level 1.7 Long Blades
 - Level 4.4 Dodging
 - Level 2.1 Shields


You couldn't memorise any spells.
You didn't know any spells.
Your spell library was empty.

Dungeon Overview and Level Annotations

Branches:
Dungeon (1/15)

Altars:


Innate Abilities, Weirdness & Mutations

You are very small and have problems with some larger weapons.
You are too small for most types of armour.
You have supernaturally acute eyesight. (SInv)
You are a herbivore.
You cover ground extremely quickly.
You need to consume almost no food.


Message History

Welcome, Amnesiac the Spriggan Fighter.
It is said that the Orb of Zot exists deep within this dungeon.
Press ? for a list of commands and other information.
Found a river rat skeleton.
Found a staircase leading out of the dungeon.
Found an inedible chunk of flesh.
Found an inedible chunk of flesh.
Found an inedible chunk of flesh.
Found an inedible chunk of flesh.
You open the door.
A hobgoblin and a kobold come into view.
The kobold shouts!
You hear a shout!
The kobold moves out of view.
The hobgoblin moves out of view.
You hear a shout! x2
A kobold comes into view. It is wielding a short sword.
The kobold shouts!
The hobgoblin shouts!
The kobold throws a stone.
The stone completely misses you.
There is an open door here.
You see here a stone.
There are monsters nearby!
You hit the kobold.
The kobold is heavily wounded.
The kobold barely misses you.
You barely miss the kobold.
The kobold is heavily wounded.
The kobold misses you.
You hit the kobold but do no damage.
The kobold is heavily wounded.
The kobold barely misses you. You block the kobold's attack.
You hit the kobold.
The kobold is heavily wounded.
The kobold misses you.
You riposte.
You barely miss the kobold.
The kobold is heavily wounded.
You miss the kobold.
The kobold is heavily wounded.
The kobold hits you with a short sword.
A frilled lizard comes into view.
The kobold hits you with a short sword.
* * * LOW HITPOINT WARNING * * *
You closely miss the kobold.
The kobold is heavily wounded.
The kobold hits you with a short sword.
* * * LOW HITPOINT WARNING * * *
The frilled lizard hisses angrily.
You hit the kobold.
You kill the kobold!
You hit the kobold.
You kill the kobold!
You block the hobgoblin's attack.
You hit the hobgoblin.
The hobgoblin is heavily wounded.
The hobgoblin hits you with a club.
You die...

...... .#...
.... ... .l##
..#
######g######
##≈÷≈≈#@#≈≈≈%##
#≈≈≈≈≈#.#≈≈≈≈≈#
#§§#≈≈#.#≈≈#≈≈#
#§§§§§#.#≈§§§§#
#§§§§§#.#§§§§§#
#§§§§§#<#§§§§§#
#§§§§§#.#§§§§§#
#≈§#§ #.# §#§§#
#≈≈≈≈≈#.#§§§§§#


You could see a hobgoblin and a frilled lizard.

Vanquished Creatures
  2 kobolds (D:1)
2 creatures vanquished.

Notes
Turn   | Place    | Note
-------+----------+-------------------------------------------
     0 | D:1      | Amnesiac the Spriggan Fighter began the quest for the Orb.
     0 | D:1      | Reached XP level 1. HP: 11/11 MP: 2/2
    16 | D:1      | Slain by a hobgoblin

Vault maps used:
D:1:      saegor_arrival_miasma, hex_tiny

Action                   || total
-------------------------++-------
Melee: Long sword        ||     9
Dodge: Dodged            ||     5
Block: Buckler           ||     2
       Rpst.: Long sword ||     1

Table legend:
 A = Spawn XP
 B = Non-spawn XP
 C = Spawn XP percentage of total XP
 D = Spawn monster count
 E = Non-spawn monster count
 F = Spawn count percentage of total count
 G = Total turns spent on level
                    A         B        C        D         E        F      G
               +---------+---------+-------+---------+---------+-------+---------
         Total |       0 |       3 |   0.0 |       0 |       2 |   0.0 |    16
               +---------+---------+-------+---------+---------+-------+---------
           D:1 |       0 |       3 |   0.0 |       0 |       2 |   0.0 |    16
               +---------+---------+-------+---------+---------+-------+---------
